 Dungeon Crawl Stone Soup version 0.17-a0-1840-g87820a2 (webtiles) character file.

536 achirane the Caller (level 7, 0/46 HPs)
             Began as a Demonspawn Summoner on Sept 16, 2015.
             Was an Initiate of Sif Muna.
             Slain by an adder (3 damage)
             ... on level 5 of the Dungeon.
             The game lasted 00:26:51 (3917 turns).

achirane the Caller (Demonspawn Summoner)           Turns: 3917, Time: 00:26:52

Health: 0/46       AC:  9    Str:  9    XL:     7   Next: 4%
Magic:  7/12       EV: 11    Int: 18    God:    Sif Muna [......]
Gold:   242        SH:  0    Dex: 15    Spells: 3 memorised, 5 levels left

rFire  . . .     SeeInvis .     y - +1 flail "Askiqoi" {crush, *Drain rF- rN+++ Dex+2} (curse)
rCold  . . .     Clarity  .     a - +0 robe
rNeg   + + +     SustAt   .     (no shield)
rPois  .         Gourm    .     o - +0 helmet
rElec  .         Spirit   .     (no cloak)
rCorr  .         Warding  .     v - +0 pair of gloves
rMut   .         Stasis   .     u - +1 pair of boots {Fly}
MR     .....                    (no amulet)
Stlth  ++........               (no ring)
                                (no ring)

@: flying, not resistant to hostile enchantments, unstealthy
A: molten scales 2, demonic guardian 1, fire resistance 1
a: Renounce Religion, Stop Flying


You were on level 5 of the Dungeon.
You worshipped Sif Muna.
Sif Muna was noncommittal.
You were hungry.

You visited 2 branches of the dungeon, and saw 6 of its levels.

You collected 242 gold pieces.

Inventory:

Hand weapons
 p - a +2 dagger of venom
 w - a +0 blowgun
 y - the cursed +1 flail "Askiqoi" (weapon) {crush, *Drain rF- rN+++ Dex+2}
   (You found it on level 4 of the Dungeon)

   It inflicts extra damage upon your enemies.
   It affects your dexterity (+2).
   It makes you vulnerable to fire.
   It renders you almost immune to negative energy.
   It causes draining when unequipped.
   It has a curse placed upon it.
Missiles
 f - 103 stones (quivered)
 x - 15 poisoned needles
 B - 20 poisoned sling bullets
 G - 25 sling bullets
Armour
 a - a +0 robe (worn)
 o - a +0 helmet (worn)
 q - a +0 buckler
 u - a +1 pair of boots of flying (worn)
 v - a +0 pair of gloves (worn)
Jewellery
 H - an uncursed ring of flight {unknown}
Scrolls
 g - a scroll of recharging {unknown}
 h - 3 scrolls of fog {unknown}
 k - 4 scrolls of noise {unknown}
 m - 4 scrolls of identify {unknown}
 t - 3 scrolls of fear {unknown}
 D - a scroll of blinking {unknown}
Potions
 d - a potion of invisibility {unknown}
 e - a potion of cancellation {unknown}
 i - 3 potions of curing {unknown}
 n - a potion of beneficial mutation {unknown}
 r - a potion of ambrosia {unknown}
 E - a potion of flight {unknown}
 F - a potion of might {unknown}
Books
 b - a book of Callings

   Spells                             Type                      Level
   a - Summon Small Mammal            Summoning                    1
   b - Call Imp                       Summoning                    2
   c - Call Canine Familiar           Summoning                    3
   d - Summon Guardian Golem          Hexes/Summoning              3
   e - Summon Lightning Spire         Summoning/Air                4
   f - Summon Ice Beast               Ice/Summoning                4
 A - a book of the Earth

   Spells                             Type                      Level
   a - Leda's Liquefaction            Hexes/Earth                  4
   b - Bolt of Magma                  Conjuration/Fire/Earth       5
   c - Statue Form                    Transmutation/Earth          6
   d - Iron Shot                      Conjuration/Earth            6
   e - Shatter                        Earth                        9
Comestibles
 c - 2 bread rations
 j - 3 meat rations
 l - a slice of pizza
 s - 6 chunks of flesh
 z - 9 fruits
 C - a royal jelly


   Skills:
 - Level 1.7 Dodging
 - Level 1.7 Stealth
 - Level 3.7 Spellcasting
 + Level 7.7 Summonings


You had 5 spell levels left.
You knew the following spells:

 Your Spells              Type           Power        Failure   Level  Hunger
a - Summon Small Mammal   Summ           ####         1%          1    None
b - Call Canine Familiar  Summ           ####....     1%          3    ###....
c - Summon Ice Beast      Ice/Summ       ###.....     34%         4    ####...


Dungeon Overview and Level Annotations

Branches:
Dungeon (5/15)             Temple (1/1) D:4

Altars:
Ashenzari
Cheibriados
Dithmenos
Fedhas
Gozag
Makhleb
Nemelex Xobeh
Okawaru
Ru
Sif Muna
Trog
Vehumet
Yredelemnul
Zin
The Shining One


Innate Abilities, Weirdness & Mutations

You are mostly covered in molten scales (AC +3, EV -1).
A weak demonic guardian rushes to your aid.
Your flesh is heat resistant.


Message History

The arrow completely misses your hound.
An arrow appears from out of your range of vision.
The adder barely misses you.
Your hound bites the adder but does no damage.
Your hound bites the adder.
Your hound bites the centaur.
The centaur dies!
You have reached level 7!
Your demonic ancestry asserts itself...
You feel the presence of a demonic guardian.
The adder closely misses you. The adder completely misses you.
Your hound bites the adder.
The adder barely misses you.
Your hound closely misses the adder.
Your hound closely misses the adder.
Casting: Call Canine Familiar
Confirm with . or Enter, or press ? or * to list all spells.
Your hound disappears in a puff of smoke!
The adder bites you.
You die...

#...# #..5#####################
#.....[..................
#######...###..#.....##........
#.........# #..#....#.......c..
#.......### #...#..#...........
#.......# #....###?........##
#.......# ##...h###..........
#.......# #.@..#..#.(.......
######### #..S#....#.####....
#.##ยง....#(####....
#..........(.......
#####.####).....##.
#...........# ######......#
#......# #......#


You could see an adder and a friendly hound.

Vanquished Creatures
  A centaur (D:4)
  2 hounds (D:4)
  An orc wizard (D:3)
  An iguana (D:5)
  A worker ant (D:4)
  A hound skeleton (D:5)
  An adder (D:3)
  A worm (D:2)
  3 giant geckos
  6 orcs
  6 goblins
  A hobgoblin (D:3)
  4 jackals (D:4)
  3 kobolds (D:3)
  2 quokkas
  10 bats
  A giant cockroach (D:5)
  2 giant newts
  6 rats
53 creatures vanquished.

Vanquished Creatures (collateral kills)
  A centaur (D:5)
  A scorpion (D:4)
  A giant frog zombie (D:5)
  A crimson imp (D:5)
  2 hounds
  2 centaur skeletons
  2 worker ants (D:4)
  2 worms
  2 orcs (D:3)
  A giant cockroach (D:1)
  2 goblins (D:1)
  3 hobgoblins
  A kobold (D:2)
  A ball python (D:1)
  2 bats (D:1)
  2 giant geckos (D:1)
  3 giant newts
  7 rats
36 creatures vanquished.

Grand Total: 89 creatures vanquished

Notes
Turn   | Place    | Note
--------------------------------------------------------------
     0 | D:1      | achirane the Demonspawn Summoner began the quest for the Orb.
     0 | D:1      | Reached XP level 1. HP: 13/13 MP: 3/3
   187 | D:1      | Gained mutation: You are partially covered in molten scales (AC +1). [demonic ancestry]
   187 | D:1      | Reached XP level 2. HP: 14/19 MP: 5/5
   958 | D:2      | Found a radiant altar of Vehumet.
  1059 | D:2      | Reached XP level 3. HP: 24/24 MP: 6/6
  1257 | D:2      | Found a sparkling altar of Nemelex Xobeh.
  1608 | D:3      | Found a faded altar to an unknown god.
  1834 | D:3      | Found a burning altar of Makhleb.
  1848 | D:3      | Noticed an Executioner
  1852 | D:3      | Noticed a smoke demon
  1852 | D:3      | Noticed a smoke demon
  1966 | D:3      | Learned a level 3 spell: Call Canine Familiar
  2120 | D:3      | Reached skill level 5 in Summonings
  2120 | D:3      | Gained mutation: Your flesh is heat resistant. [demonic ancestry]
  2120 | D:3      | Reached XP level 4. HP: 21/30 MP: 2/8
  2584 | D:4      | Reached XP level 5. HP: 30/35 MP: 10/10
  2593 | D:4      | Learned a level 4 spell: Summon Ice Beast
  2643 | D:4      | Found a staircase to the Ecumenical Temple.
  2645 | D:4      | Got a slimy flail
  2646 | D:4      | Identified the cursed +1 flail "Askiqoi" {crush, *Drain rF- rN+++ Dex+2} (You found it on level 4 of the Dungeon)
  2921 | D:4      | Reached skill level 6 in Summonings
  3038 | D:4      | Gained mutation: You are mostly covered in molten scales (AC +3, EV -1). [demonic ancestry]
  3038 | D:4      | Reached XP level 6. HP: 38/41 MP: 11/11
  3039 | D:4      | Noticed a centaur
  3063 | D:4      | Killed a centaur
  3571 | Temple   | Entered the Ecumenical Temple
  3663 | Temple   | Became a worshipper of Sif Muna the Loreminder
  3695 | D:5      | Entered Level 5 of the Dungeon
  3745 | D:5      | Reached skill level 7 in Summonings
  3905 | D:5      | HP: 1/41 [centaur/uncursed long sword (7)]
  3911 | D:5      | Gained mutation: A weak demonic guardian rushes to your aid. [demonic ancestry]
  3911 | D:5      | Reached XP level 7. HP: 2/46 MP: 9/12
  3917 | D:5      | Slain by an adder

Vault maps used:
D:1:      dpeg_arrival_boxes_within_box
D:2:      nemelex_deck, vehumet_crystals, first_bread
D:3:      makhleb_altar_promises_db, ecumenical_altar_2
D:4:      minmay_temple_entry_overgrown
D:5:      overflow_temple_1_default, minmay_misc_feat_chi,
          minmay_misc_feat_cross
Temple:   circular_temple_12

Action                   |  1- 3 |  4- 6 |  7- 9 || total
-------------------------+-------+-------+-------++-------
Melee: Unarmed           |     7 |       |       ||     7
       Dagger            |    99 |    28 |       ||   127
       Flail             |       |    72 |       ||    72
Throw: Stone             |    10 |     2 |       ||    12
 Cast: Summon Small Mamm |    35 |     1 |       ||    36
       Call Canine Famil |     2 |    14 |     1 ||    17
 Stab: Sleeping          |     3 |     3 |       ||     6
       Distracted        |       |     1 |       ||     1
  Eat: Chunk             |     4 |     7 |       ||    11
